 Dungeon Crawl Stone Soup version 0.27-a0-1200-g94dc6ad4cf (webtiles) character file.

Game seed: 13791227852138909404

505 Kinoniko the Slasher (level 7, -6/84 HPs)
             Began as a Merfolk Berserker on June 1, 2021.
             Was a Priest of Trog.
             Killed by nerve-wracking pain
             ... invoked by an orc priest
              (9 damage)
             ... on level 4 of the Dungeon.
             The game lasted 00:04:26 (4125 turns).

Kinoniko the Slasher (Merfolk Berserker)            Turns: 4125, Time: 00:04:26

Health: -6/84      AC:  8    Str: 18    XL:     7   Next: 18%
Magic:  7/7        EV:  4    Int:  7    God:    Trog [***...]
Gold:   164        SH: 12    Dex: 14    Spells: 6/6 levels left

rFire    . . .     SeeInvis .   a - +1 falchion
rCold    . . .     Faith    .   p - +0 tower shield
rNeg     . . .     Spirit   .   l - +0 chain mail
rPois    .         Reflect  .   (no helmet)
rElec    .         Harm     .   m - scarf {+Inv}
rCorr    .         Rampage  .   (no gloves)
Will     .....                  (no boots)
Stlth    ..........             (no amulet)
HPRegen  0.24/turn              (no ring)
MPRegen  0.10/turn              (no ring)

@: berserking (expiring), very quick
A: (nimble swimmer 2), mertail
a: Renounce Religion, Evoke Invisibility, Berserk, Trog's Hand


You were on level 4 of the Dungeon.
You worshipped Trog.
Trog was most pleased with you.
You visited 1 branch of the dungeon, and saw 4 of its levels.

You collected 164 gold pieces.

Inventory:

Hand Weapons
 a - a +1 falchion (weapon)
Missiles
 j - a throwing net
Armour
 l - a +0 chain mail (worn)
 m - a scarf of invisibility (worn)
 p - a +0 tower shield (worn)
Jewellery
 g - a ring of wizardry
 o - a ring of fire
Scrolls
 d - 2 scrolls of fog
 e - a scroll of identify
 k - 2 scrolls of amnesia
 n - a scroll of teleportation
Potions
 b - a potion of cancellation {unknown}
 c - a potion of haste {unknown}
 f - 2 potions of magic
 h - 3 potions of brilliance {unknown}
 i - a potion of curing {unknown}


   Skills:
 + Level 5.1 Fighting
 * Level 6.4 Long Blades
 - Level 1.3 Armour
 + Level 5.2 Dodging
 + Level 1.2 Shields


You had 6 spell levels left.
You didn't know any spells.
Your spell library was empty.

Dungeon Overview and Level Annotations

Branches:
Dungeon (4/15)
 Temple: D:4-7

Altars:
Uskayaw

Annotations:
D:3 2 transporters


Innate Abilities, Weirdness & Mutations

((You are quick and stealthy near water. (Stealth+, EV+, Speed+++)))
Your lower body shifts to a powerful aquatic tail in water.


Message History

You slash the goblin!
You kill the goblin!
Trog accepts your kill.
The orc priest hits you but does no damage.
The howler monkey hits you but does no damage.
The orc hits you with a +0 club.
* * * LOW HITPOINT WARNING * * *
The jackal bites you but does no damage.
The orc priest hits you with a +0 flail.
* * * LOW HITPOINT WARNING * * *
Unknown command.
You closely miss the orc priest. You block the jackal's attack. x2
The howler monkey hits you.
* * * LOW HITPOINT WARNING * * *
A giant cockroach comes into view.
The orc barely misses you.
The orc priest hits you from afar with a +0 trident.
* * * LOW HITPOINT WARNING * * *
The orc priest miscasts a cantrip.
You closely miss the orc priest. The jackal barely misses you.
You block the jackal's attack.
An adder comes into view.
The howler monkey hits you but does no damage.
You block the orc's attack.
The orc priest hits you but does no damage.
The jackal barely misses you.
The goblin unwields a +0 dagger.
The goblin wields a +2 hunting sling of flaming.
It bursts into flame!
The goblin shoots a stone.
You block the stone.
The orc priest hits you but does no damage.
You block the jackal's attack.
Your chain mail prevents you from hitting the orc priest.
The howler monkey hoots and howls with incredible vigour!
The jackal bites you.
* * * LOW HITPOINT WARNING * * *
You block the jackal's attack. You block the orc priest's attack.
The orc hits you with a +0 club.
* * * LOW HITPOINT WARNING * * *
The orc priest invokes the aid of Beogh against you.
Pain shoots through your body!
You die...

..............
........>.......
...............#
...............#
...............#
.......#.{.o...##
.......ohhg.....
#....o@)...B[.
#......h......
#.........S...
######....#+#...#..
..........# ...# .
........###+#...#
..................
..................
.................


You could see a howler monkey (catching breath), 2 orc priests, an adder, an
orc, 2 jackals, a giant cockroach and a goblin.

Vanquished Creatures
  A water moccasin (D:3)
  A scorpion (D:4)
  A hound (D:4)
  A centaur skeleton (D:4)
  2 orc priests
  An orc wizard (D:3)
  9 adders
  An adder skeleton (D:4)
  A worm (D:4)
  4 dart slugs
  14 orcs
  5 ball pythons
  12 endoplasms
  6 giant cockroaches
  6 hobgoblins
  5 jackals
  4 quokkas
  7 bats
  3 frilled lizards (D:1)
  7 goblins
  4 kobolds
  6 rats
101 creatures vanquished.

Notes
Turn   | Place    | Note
-------+----------+-------------------------------------------
     0 | D:1      | Kinoniko the Merfolk Berserker began the quest for the Orb.
     0 | D:1      | Reached XP level 1. HP: 18/18 MP: 1/1
   254 | D:1      | Reached XP level 2. HP: 22/24 MP: 2/2
   865 | D:1      | Found a hide-covered altar of Uskayaw.
   870 | D:1      | Reached skill level 4 in Long Blades
   870 | D:1      | Reached XP level 3. HP: 22/29 MP: 3/3
  1049 | D:1      | Reached ** piety under Trog
  1513 | D:2      | Reached XP level 4. HP: 37/37 MP: 4/4
  2552 | D:3      | Reached skill level 5 in Long Blades
  2552 | D:3      | Reached XP level 5. HP: 42/42 MP: 5/5
  2785 | D:3      | Found a transporter.
  3289 | D:3      | Reached XP level 6. HP: 49/49 MP: 6/6
  3353 | D:3      | Reached *** piety under Trog
  3369 | D:3      | Found a transporter.
  3383 | D:3      | Noticed a water moccasin
  3393 | D:3      | Killed a water moccasin
  3394 | D:3      | Reached skill level 6 in Long Blades
  3856 | D:4      | Reached skill level 5 in Dodging
  3860 | D:4      | Found a hide-covered altar of Uskayaw.
  4079 | D:4      | Reached skill level 5 in Fighting
  4079 | D:4      | Reached XP level 7. HP: 53/56 MP: 7/7
  4109 | D:4      | Reached skill level 1 in Shields
  4125 | D:4      | HP: 3/84 [orc/+0 club (3)]
  4125 | D:4      | Killed from afar by an orc priest

Illustrated notes

Levels and vault maps discovered:
D:1:      mrwooster_arrival_statue_2, layout_loops_ring, st_stairs_13,
          minmay_hexomino_r4
D:2:      layout_basic, serial_forest, infiniplex_forest_lined_3,
          infiniplex_forest_diagonal, infiniplex_forest_clump_tiny,
          infiniplex_forest_corner_1, infiniplex_forest_lined_ring,
          infiniplex_forest_clump_tiny, infiniplex_forest_pool,
          infiniplex_forest_clump_tiny, minmay_tripent
D:3:      gammafunk_steamed_eel, layout_loops_ring, kennysheep_generic_room_10
D:4:      layout_basic, overflow_temple_1_default, uniq_ijyb,
          uniq_crazy_yiuf_cottage, uniq_eustachio

Skill      XL: |  1  2  3  4  5  6  7 |
---------------+----------------------+-----
Dodging        | 3 4 5 |  5.2
Long Blades    | 4 5 6 |  6.4
Fighting       | 4 5 |  5.1
Shields        | 1 |  1.2
Armour         | |  1.3

Action                   |  1- 3 |  4- 6 |  7- 9 || total
-------------------------+-------+-------+-------++-------
Melee: Falchion          |    93 |   194 |    15 ||   302
Invok: Berserk           |     2 |     7 |     1 ||    10
       Trog's Hand       |       |     1 |       ||     1
  Use: Scroll            |     6 |     1 |       ||     7
Armor: Animal skin       |    13 |       |       ||    13
       Chain mail        |    18 |   113 |    25 ||   156
Dodge: Dodged            |    50 |    85 |    14 ||   149
Block: Tower shield      |       |    21 |    23 ||    44
       Rpst.: Falchion   |    12 |    21 |     6 ||    39

Table legend: (Time is in decaauts)
 A = Elapsed time spent in this place.
 B = Non-inter-level travel time spent in this place.
 C = Inter-level travel time spent in this place.
 D = Time resting spent in this place.
 E = Time spent auto-exploring this place.
 F = Levels seen in this place.
 G = Mean time per level.
                   A        B        C        D        E       F      G
               +--------+--------+--------+--------+--------+-----+--------+
         Total |   4223 |   4102 |    121 |   1168 |   2332 |   4 | 1055.8 |
       Dungeon |   4223 |   4102 |    121 |   1168 |   2332 |   4 | 1055.8 |
               +--------+--------+--------+--------+--------+-----+--------+

Top non-repeatable levels by time:
     D:1: 1459 daAuts
     D:3: 1433 daAuts
     D:2: 1007 daAuts
     D:4: 323 daAuts
